 Dungeon Crawl Stone Soup version 0.31.0-32-g396128a36d (webtiles) character file.

Game seed: 9213518285309957724

24654 raph the Geomancer (level 13, -20/76 HPs)
             Began as a Gargoyle Earth Elementalist on Apr 17, 2024.
             Was an Elder of Vehumet.
             Demolished by a komodo dragon (21 damage)
             ... on level 2 of the Lair of Beasts.
             The game lasted 00:29:17 (15349 turns).

raph the Geomancer (Gargoyle Earth Elementalist)   Turns: 15349, Time: 00:29:17

Health: -20/76     AC: 17    Str: 13    XL:     13   Next: 14%
Magic:  2/30       EV: 17    Int: 25    God:    Vehumet [****..]
Gold:   636        SH:  0    Dex: 10    Spells: 2/28 levels left

rFire   . . .        a - +7 rapier of Youthful Indiscretion {holy, rElec Int+5}
rCold   . . .        (no shield)
rNeg    + . .        C - +1 steam dragon scales
rPois   ∞            r - +0 hat
rElec   +            (no cloak)
rCorr   .            b - +0 pair of gloves
SInv    .            L - +0 pair of boots
Will    +....        m
                       - Hermit's Pendant {Faith Invo=14 Evo=0 MP+5}
Stlth   ++           o - ring of willpower
HPRegen 0.32/turn    P - +5 ring of evasion
MPRegen 0.22/turn

%: faith
@: no status effects
A: sickness immunity, AC +9, negative energy resistance 1, electricity
resistance, torment resistance 1, petrification resistance
a: Renounce Religion


You were on level 2 of the Lair of Beasts.
You worshipped Vehumet.
Vehumet was greatly pleased with you.
You visited 2 branches of the dungeon, and saw 12 of its levels.

You collected 636 gold pieces.

Inventory:

Hand Weapons
 a - the +7 rapier of Youthful Indiscretion (weapon) {holy, rElec Int+5}
   (You found it on level 6 of the Dungeon)

   Int+5:     It affects your intelligence (+5).
   rElec:     It insulates you from electricity.
 B - a +2 dagger of electrocution
Missiles
 h - 9 poisoned darts
 E - a throwing net
 N - 2 curare-tipped darts
Armour
 b - a +0 pair of gloves (worn)
 r - a +0 hat (worn)
 C - +1 steam dragon scales (worn)
 L - a +0 pair of boots (worn)
Magical Staves
 A - a staff of conjuration
Jewellery
 g - an amulet of regeneration
 m - the Hermit's Pendant (around neck) {Faith Invo=14 Evo=0 MP+5}
   (You found it on level 3 of the Dungeon)

   [amulet of faith]

   Invo=14: It sets your Invocations skill to 14.
   Evo=0: It sets your Evocations skill to 0.
   Faith:     It allows you to gain divine favour quickly.
   MP+5:      It affects your magic capacity (+5).
 o - a ring of willpower (left hand)
 s - an amulet of the acrobat
 y - a ring of ice
 G - a ring of willpower
 J - a ring of protection from cold
 K - a ring of willpower
 P - a +5 ring of evasion (right hand)
Wands
 p - a wand of roots (28)
Scrolls
 d - a scroll of brand weapon
 f - a scroll of vulnerability
 j - 4 scrolls of immolation
 k - 2 scrolls of fear
 q - 3 scrolls of enchant weapon
 x - 4 scrolls of torment
 z - 2 scrolls of amnesia
 D - a scroll of teleportation
 F - a scroll of fog
 H - a scroll of blinking
 M - 4 scrolls of identify
Potions
 c - a potion of invisibility {unknown}
 e - 2 potions of magic
 i - 2 potions of lignification
 l - a potion of heal wounds
 n - 2 potions of might
 t - 5 potions of curing
 u - 2 potions of enlightenment
 v - a potion of ambrosia
 w - a potion of berserk rage
 I - 2 potions of haste {unknown}
 O - a potion of brilliance {unknown}


   Skills:
 + Level 7.5 Fighting
 - Level 3.0 Dodging
 - Level 4.3 Stealth
 + Level 8.2 Spellcasting
 * Level 12.6 Conjurations
 + Level 5.8 Translocations
 + Level 4.2 Fire Magic
 * Level 14.5 Earth Magic
 + Level 1.3 Alchemy


You had 2 spell levels left.
You knew the following spells:

 Your Spells              Type           Power      Damage    Failure   Level
a - Sandblast             Erth           100%       2d20      0%          1
b - Passwall              Erth           70%        N/A       1%          3
c - Stone Arrow           Conj/Erth      100%       3d13      1%          3
d - Magic Dart            Conj           100%       1d8       1%          1
e - Brom's Barrelling Bo  Conj/Erth      68%        2d8       1%          4
f - Iskenderun's Mystic   Conj/Tloc      54%        2d12      1%          4
g - Blink                 Tloc           78%        N/A       1%          2
h - Sticky Flame          Fire/Alch      24%        2d6       5%          4
i - Olgreb's Toxic Radia  Alch           17%        N/A       9%          4

Your spell library contained the following spells:

 Spells                   Type           Power      Damage    Failure   Level
 Kiss of Death            Conj/Necr      100%       2d13      1%          1
 Shock                    Conj/Air       100%       1d9       1%          1
 Static Discharge         Conj/Air       82%        3-7/arc   1%          2
 Call Imp                 Summ           20%        N/A       9%          2
 Petrify                  Alch/Erth      50%        N/A       2%          4
 Airstrike                Air            5%         2d(1-17)  16%         4
 Confusing Touch          Hex            10%        N/A       19%         3
 Swiftness                Air            10%        N/A       19%         3
 Tukima's Dance           Hex            10%        N/A       19%         3
 Dimensional Bullseye     Hex/Tloc       12%        N/A       19%         4
 Dispel Undead            Necr           10%        3d9       52%         4
 Summon Lightning Spire   Summ/Air       10%        N/A       52%         4


Dungeon Overview and Level Annotations

Branches:
Dungeon (10/15)            Temple (0/1) D:7            Lair (2/5) D:10
    Orc (0/2) D:10
  Swamp: Lair:2-3    Shoals: Lair:2-3     Snake: Lair:2-3    Spider: Lair:2-3

Altars:
Ashenzari
Cheibriados
Dithmenos
Elyvilon
Fedhas
Gozag
Hepliaklqana
Kikubaaqudgha
Makhleb
Nemelex Xobeh
Okawaru
Qazlal
Ru
Sif Muna
Trog
Uskayaw
Vehumet
Wu Jian
Xom
Yredelemnul
Zin
The Shining One


Innate Abilities, Weirdness & Mutations

You are immune to sickness and miasma.
Your stone body is resilient. (AC +9)
You are immune to poison.
You resist negative energy. (rN+)
You are resistant to electric shocks. (rElec)
You are resistant to unholy torment.
You are immune to petrification.


Message History

The black bear is almost dead.
Casting: Magic Dart (safe; 1% risk of failure)
Confirm with . or Enter, or press ? or * to list all spells.
Aiming: Magic Dart (safe; 1% risk of failure)
Press: ? - help, Shift-Dir - straight line, f/p - black bear
Aim: a black bear (almost dead, 100% to hit)
The magic dart hits the black bear.
The black bear is almost dead.
The black bear goes berserk!
Casting: Magic Dart (safe; 1% risk of failure)
Confirm with . or Enter, or press ? or * to list all spells.
Aiming: Magic Dart (safe; 1% risk of failure)
Press: ? - help, Shift-Dir - straight line, f/p - black bear
Aim: a black bear (almost dead, berserk, 100% to hit)
The magic dart hits the black bear.
You kill the black bear!
Vehumet accepts your kill.
You feel your power returning.
A komodo dragon comes into view.
You start resting.
A komodo dragon is nearby!
The komodo dragon hisses angrily.
The komodo dragon attacks as it pursues you!
The komodo dragon bites you but does no damage.
Casting: Magic Dart (safe; 1% risk of failure)
Confirm with . or Enter, or press ? or * to list all spells.
Aiming: Sticky Flame (dangerous; 5% risk of failure)
Press: ? - help, Shift-Dir - straight line, f - komodo dragon
Aim: a komodo dragon The sticky flame hits the komodo dragon.
The komodo dragon is lightly wounded.
The komodo dragon burns!
A black mamba comes into view.
The komodo dragon bites you!!
* * * LOW HITPOINT WARNING * * *
The komodo dragon burns!
The komodo dragon shakes off the sticky flame as it moves.
The komodo dragon attacks as it pursues you!
The komodo dragon bites you!!
You die...

### #... .. .....♣ ..#
#..# ... ....♣#
..###..##... .....#
...##..#... .# ###..P.♣♣
...##...# ...# #....P..♣
...#....#....# #.P##..♣#
.............# #..##
...##..#.#...###l#.#
#..#...##....##.@.####
###...............##P###
#.#........>...........#
......................♣♣
................####.♣♣
........P#.S....##....♣
.###......#.....###...♣
## ##k...##....## ##..♣
# #h..###....# #.♣#


You could see a komodo dragon and a black mamba (wandering).

Vanquished Creatures
  A hydra (Lair:2)
  2 death yaks (Lair:2)
  2 boulder beetles (Lair:2)
  A two-headed ogre (D:8)
  Sonja (Lair:1)
  A skyshark (Lair:2)
  3 elephants (Lair:2)
  2 torpor snails
  2 black mambas (Lair:2)
  3 cane toads
  4 rime drakes
  7 komodo dragons
  2 kobold demonologists
  2 trolls (D:9)
  A polar bear (Lair:2)
  3 hornets (Lair:2)
  9 blink frogs
  A dream sheep (Lair:2)
  Sigmund (D:5)
  A wyvern (Lair:1)
  A wraith (D:10)
  22 yaks
  5 basilisks (Lair:2)
  Grum (D:9)
  4 steam dragons
  8 water moccasins
  5 orc warriors
  A sky beast (D:6)
  2 black bears
  2 laughing skulls (D:10)
  7 centaurs
  3 ogres
  4 wolves (D:9)
  6 bullfrogs
  3 scorpions
  9 wights
  2 gnoll sergeants
  5 killer bees (D:10)
  A howler monkey (D:5)
  5 electric eels
  2 bombardier beetles
  4 jellies
  9 orc priests
  4 hounds
  3 iguanas
  A sleepcap (D:6)
  9 orc wizards
  Terence (D:2)
  6 gnolls
  4 adders
  A dart slug (D:5)
  4 ribbon worms
  41 orcs
  9 endoplasms
  2 giant cockroaches
  5 goblins
  4 hobgoblins
  7 kobolds
  9 ball pythons
  4 bats
  3 frilled lizards
  9 rats
286 creatures vanquished.

Vanquished Creatures (collateral kills)
  2 orcs (D:7)
  9 boulders
11 creatures vanquished.

Vanquished Creatures (others)
  14 boulders
14 creatures vanquished.

Grand Total: 311 creatures vanquished

Notes
Turn   | Place    | Note
-------+----------+-------------------------------------------
     0 | D:1      | raph the Gargoyle Earth Elementalist began the quest for
                  | the Orb.
     0 | D:1      | Reached XP level 1. HP: 10/10 MP: 3/3
   230 | D:1      | Reached XP level 2. HP: 15/15 MP: 3/5
   356 | D:1      | Found a faded altar of an unknown god.
   594 | D:1      | Reached skill level 4 in Earth Magic
  1056 | D:2      | Reached XP level 3. HP: 19/19 MP: 2/6
  1060 | D:2      | Learned a level 3 spell: Passwall
  1176 | D:2      | Noticed Terence
  1189 | D:2      | Killed Terence
  1259 | D:2      | Reached XP level 4. HP: 24/24 MP: 5/7
  1448 | D:2      | Learned a level 3 spell: Stone Arrow
  2058 | D:3      | Found an iron altar of Okawaru.
  2411 | D:3      | Found the Hermit's Pendant {Faith Invo=14 Evo=0 MP+5}
  2619 | D:4      | Noticed an ogre
  2626 | D:4      | Killed an ogre
  2627 | D:4      | Reached skill level 5 in Earth Magic
  2627 | D:4      | Reached XP level 5. HP: 28/28 MP: 14/14
  2677 | D:4      | Found a snail-covered altar of Cheibriados.
  2798 | D:4      | Noticed an ogre
  2804 | D:4      | Killed an ogre
  2805 | D:4      | Reached XP level 6. HP: 32/32 MP: 12/16
  3209 | D:4      | Found an ancient bone altar of Kikubaaqudgha.
  3240 | D:5      | Entered Level 5 of the Dungeon
  3245 | D:5      | Reached skill level 6 in Earth Magic
  3250 | D:5      | Reached XP level 7. HP: 31/36 MP: 16/17
  3353 | D:5      | Learned a level 1 spell: Magic Dart
  3358 | D:5      | Learned a level 4 spell: Brom's Barrelling Boulder
  3550 | D:5      | Noticed Sigmund
  3555 | D:5      | Killed Sigmund
  3556 | D:5      | Reached skill level 7 in Earth Magic
  3556 | D:5      | Reached XP level 8. HP: 41/41 MP: 16/18
  4282 | D:6      | Reached skill level 5 in Conjurations
  4357 | D:6      | Reached skill level 8 in Earth Magic
  4530 | D:6      | Found a sacrificial altar of Ru.
  4805 | D:6      | Identified the +7 rapier of Youthful Indiscretion {holy,
                  | rElec Int+5}
  4937 | D:6      | Found a blossoming altar of Fedhas.
  5320 | D:6      | Found a stormy altar of Qazlal.
  5325 | D:6      | Found a shadowy altar of Dithmenos.
  5624 | D:7      | Reached XP level 9. HP: 45/45 MP: 5/19
  5759 | D:7      | Reached skill level 9 in Earth Magic
  6156 | D:7      | Found a hazy altar of Hepliaklqana.
  6157 | D:7      | Found a shimmering altar of Xom.
  6158 | D:7      | Noticed a spectral ugly thing
  6243 | D:7      | Found a radiant altar of Vehumet.
  6251 | D:7      | Became a worshipper of Vehumet
  6341 | D:7      | Found a staircase to the Ecumenical Temple.
  6498 | D:8      | Reached skill level 5 in Spellcasting
  6762 | D:8      | Reached skill level 1 in Fighting
  6811 | D:8      | Learned a level 4 spell: Iskenderun's Mystic Blast
  6814 | D:8      | Learned a level 2 spell: Blink
  6988 | D:8      | Reached skill level 10 in Earth Magic
  6992 | D:8      | Reached * piety under Vehumet
  6992 | D:8      | Offered knowledge of Shock by Vehumet.
  7371 | D:8      | Noticed a two-headed ogre
  7374 | D:8      | Found a shimmering blue altar of Sif Muna.
  7394 | D:8      | Killed a two-headed ogre
  7395 | D:8      | Reached skill level 1 in Translocations
  7395 | D:8      | Reached XP level 10. HP: 54/54 MP: 3/20
  7685 | D:8      | Found an ornate altar of the Wu Jian Council.
  8013 | D:9      | Noticed Grum
  8017 | D:9      | Killed Grum
  8141 | D:9      | Found an opulent altar of Gozag.
  8141 | D:9      | Found a sparkling altar of Nemelex Xobeh.
  8165 | D:9      | Reached skill level 11 in Earth Magic
  8171 | D:9      | Reached ** piety under Vehumet
  8327 | D:9      | Offered knowledge of Momentum Strike by Vehumet.
  8385 | D:9      | Noticed a kobold demonologist
  8386 | D:9      | Found a broken altar of Ashenzari.
  8391 | D:9      | Noticed an orange demon
  8391 | D:9      | Killed a kobold demonologist
  8726 | D:9      | Found a hide-covered altar of Uskayaw.
  8763 | D:9      | Found a basalt altar of Yredelemnul.
  9017 | D:10     | Entered Level 10 of the Dungeon
  9283 | D:10     | Found a white marble altar of Elyvilon.
  9283 | D:10     | Found a glowing silver altar of Zin.
  9283 | D:10     | Found a glowing golden altar of the Shining One.
  9329 | D:10     | Offered knowledge of Searing Ray by Vehumet.
  9470 | D:10     | Found a burning altar of Makhleb.
  9470 | D:10     | Noticed a cacodemon
  9549 | D:10     | Found a bloodstained altar of Trog.
  9556 | D:10     | Reached XP level 11. HP: 25/57 MP: 16/21
  9687 | D:10     | Reached skill level 12 in Earth Magic
  9845 | D:10     | Found a staircase to the Lair.
  9886 | D:10     | Reached skill level 10 in Conjurations
  9894 | D:10     | Reached *** piety under Vehumet
  9931 | D:10     | Offered knowledge of Sticky Flame by Vehumet.
 10055 | D:10     | Learned a level 4 spell: Sticky Flame
 10201 | D:10     | Found a staircase to the Orcish Mines.
 10456 | Lair:1   | Entered Level 1 of the Lair of Beasts
 10472 | Lair:1   | Reached skill level 5 in Fighting
 10943 | Lair:1   | Reached **** piety under Vehumet
 10950 | Lair:1   | Reached skill level 1 in Fire Magic
 11149 | Lair:1   | Noticed Sonja
 11395 | Lair:1   | Killed Sonja
 11396 | Lair:1   | Reached skill level 13 in Earth Magic
 11653 | Lair:1   | Reached XP level 12. HP: 70/70 MP: 22/22
 11848 | Lair:1   | Offered knowledge of Volatile Blastmotes by Vehumet.
 12401 | Lair:1   | Found a shimmering blue altar of Sif Muna.
 13000 | Lair:2   | Noticed a seven-headed hydra
 13003 | Lair:2   | Reached skill level 5 in Translocations
 13008 | Lair:2   | Killed a seven-headed hydra
 13506 | Lair:2   | Noticed a boulder beetle
 13516 | Lair:2   | Killed a boulder beetle
 13832 | Lair:2   | Reached skill level 14 in Earth Magic
 13832 | Lair:2   | Reached ***** piety under Vehumet
 13959 | Lair:2   | Noticed a death yak
 13959 | Lair:2   | Noticed a death yak
 13983 | Lair:2   | Killed a death yak
 14194 | Lair:2   | Killed a death yak
 14194 | Lair:2   | Offered knowledge of Olgreb's Toxic Radiance by Vehumet.
 14398 | Lair:2   | Learned a level 4 spell: Olgreb's Toxic Radiance
 14417 | Lair:2   | Noticed a boulder beetle
 14424 | Lair:2   | Noticed a skyshark
 14436 | Lair:2   | Killed a skyshark
 14619 | Lair:2   | Killed a boulder beetle
 14747 | Lair:2   | Reached XP level 13. HP: 76/76 MP: 22/25
 14859 | Lair:2   | Reached skill level 1 in Alchemy
 15348 | Lair:2   | HP: 1/76 [komodo dragon (23)]
 15349 | Lair:2   | Demolished by a komodo dragon

Illustrated notes

Levels and vault maps discovered:
D:1:      dpeg_arrival_tiny_d, layout_loops_corners,
          chequers_ecumenical_altar_island
D:2:      layout_basic, uniq_terence
D:3:      layout_rooms, lemuel_coloured_pillars_altar
D:4:      layout_rooms, kennysheep_mini_moat, old_standard_altar, fountainhead
D:5:      layout_gridville, glass_columns_a, uniq_sigmund
D:6:      layout_loops_corners, lemuel_doored_altar, fedhas_altar_2,
          gammafunk_temple_overflow_statue
D:7:      layout_rooms, regret_index_temple_of_mockery,
          nicolae_overflow_hidden_temple, temple_hall
D:8:      layout_rooms, nicolae_wu_jian_glorious_leap, general_overflow_altar
D:9:      layout_rooms, grunt_temple_overflow_opulence,
          cheibrodos_ashenzari_chains, nicolae_uskayaw_suspiria,
          mainiacjoe_overflow_brackets, dreamdust_mushroom_princess,
          serial_bayou_pond_a, uniq_grum
D:10:     layout_loops_ring, dreamdust_divine_triumvirate,
          makhleb_altar_promises_db, trog_three_pillars_becter,
          lair_entry_dummy, erik_orc_2
Lair:1:   layout_regular_city, chequers_serial_rivers_micro_e,
          lemuel_centaur_altar, infiniplex_staircase_pool, serial_bayou_shore_a,
          grunt_megastairs_1, lemuel_fruit_fields, lemuel_fruit_tree, uniq_sonja
Lair:2:   nzn_winding_woodlands_stair_cross [nzn_winding_woodlands_5x15_garden,
          nzn_winding_woodlands_center_diamonds,
          nzn_winding_woodlands_5x15_parted, nzn_winding_woodlands_5x5_default,
          nzn_winding_woodlands_hourglass, nzn_winding_woodlands_5x15_jagged,
          nzn_winding_woodlands_center_lodge,
          nzn_winding_woodlands_5x15_pockets], layout_gridlike,
          mainiacjoe_swamp_entry_angry_trees, gammafunk_lair_bear_cave,
          serial_bayou_shore_b

Skill      XL: |  1  2  3  4  5  6  7  8  9 10 11 12 13 |
---------------+----------------------------------------+-----
Earth Magic    | 4 5 6 7 8 10 11 13 14 | 14.5
Dodging        | 2 3 |  3.0
Conjurations   | 2 3 4 6 8 9 11 12 | 12.6
Stealth        | 3 4 |  4.3
Spellcasting   | 3 4 5 6 7 8 |  8.2
Fighting       | 2 4 6 7 |  7.5
Translocations | 1 3 4 5 |  5.8
Fire Magic     | 1 3 4 |  4.2
Alchemy        | 1 |  1.3

Action                     |  1- 3 |  4- 6 |  7- 9 | 10-12 | 13-15 || total
---------------------------+-------+-------+-------+-------+-------++-------
  Melee: Short sword       |     5 |     2 |       |       |       ||     7
         Rapier            |       |     1 |     2 |    38 |     4 ||    45
         Punch             |       |       |       |     2 |       ||     2
  Throw: Dart              |       |       |       |     2 |       ||     2
   Cast: Sandblast         |    40 |    69 |    36 |    52 |       ||   197
         Stone Arrow       |       |     1 |    76 |   230 |    22 ||   329
         Magic Dart        |       |       |    26 |    12 |     8 ||    46
         Brom's Barrelling |       |       |    17 |    29 |       ||    46
         Passwall          |       |       |     2 |     2 |       ||     4
         Iskenderun's Myst |       |       |       |     2 |     1 ||     3
         Sticky Flame      |       |       |       |    20 |     5 ||    25
         Olgreb's Toxic Ra |       |       |       |     2 |       ||     2
    Use: Scroll            |       |    10 |     9 |     1 |     1 ||    21
         Potion            |       |       |       |     2 |       ||     2
 Armour: Leather armour    |     4 |    29 |    14 |       |       ||    47
         Steam dragon scal |       |       |    11 |   141 |    20 ||   172
  Dodge: Dodged            |    11 |    20 |    20 |   124 |    12 ||   187
